 Dungeon Crawl Stone Soup version 0.22.1-1-ga44c0e5 (webtiles) character file.

4794 Monsterracer the Arsonist (level 10, -1/59 HPs)
             Began as an Octopode Fire Elementalist on Sept 24, 2018.
             Was a Priest of Vehumet.
             Slain by a troll (20 damage)
             ... on level 9 of the Dungeon.
             The game lasted 00:18:15 (12586 turns).

Monsterracer the Arsonist (OpFE)                   Turns: 12586, Time: 00:18:16

Health: -1/59      AC:  1    Str:  7    XL:     10   Next: 48%
Magic:  16/18      EV: 11    Int: 26    God:    Vehumet [***...]
Gold:   464        SH: 10    Dex: 12    Spells: 2/20 levels left

rFire    . . .     SeeInvis .   a - +5 flail (protect)
rCold    + . .     Gourm    .   B - +2 shield {rC+}
rNeg     + . .     Faith    .   (helmet restricted)
rPois    .         Spirit   .   (no amulet)
rElec    .         Reflect  .   f - ring of positive energy
rCorr    +         Harm     .   j - ring of flight
MR       .....                  o - +4 ring of intelligence
Stlth    +++.......             w - ring of resist corrosion
HPRegen  0.19/turn              (no ring)
MPRegen  0.16/turn              (no ring)
                                (no ring)
                                (no ring)

@: no status effects
A: almost no armour, stealthy swim, amphibious, 8 rings, constrict 8, camouflage
1, gelatinous body 1
a: Renounce Religion, Evoke Flight


You were on level 9 of the Dungeon.
You worshipped Vehumet.
Vehumet was most pleased with you.
You were not hungry.

You visited 1 branch of the dungeon, and saw 9 of its levels.
You also visited: Ossuary.

You collected 464 gold pieces.

Inventory:

Hand Weapons
 a - a +5 flail of protection (weapon)
 b - the +5 mace "Jischitu" {freeze, rElec Str+5 Stlth+}
   (You took it off a centaur on level 8 of the Dungeon)

   It has been specially enchanted to freeze those struck by it, causing extra
   injury to most foes and up to half again as much damage against particularly
   susceptible opponents.
   It can also slow down cold-blooded creatures.
   It affects your strength (+5).
   It insulates you from electricity.
   It makes you more stealthy.
Armour
 s - a +0 buckler
 B - a +2 shield of cold resistance (worn)
Jewellery
 f - a ring of positive energy (left tentacle)
 j - a ring of flight (right tentacle)
 l - an uncursed ring of ice
 o - a +4 ring of intelligence (on tentacle)
 w - a ring of resist corrosion (on tentacle)
Wands
 k - a wand of flame (23)
 t - a wand of polymorph (15)
 y - a wand of enslavement (18)
Scrolls
 d - a scroll of enchant weapon
 e - 4 scrolls of remove curse
 g - 4 scrolls of magic mapping {!r}
 r - 2 scrolls of enchant armour
 x - a scroll of teleportation {!r}
Potions
 h - 5 potions of curing
 i - a potion of might
 m - 2 potions of brilliance
 n - a potion of flight
 p - 4 potions of haste
 q - a potion of magic {unknown}
 u - a potion of lignification {unknown}
 v - 2 potions of agility
 z - 2 potions of heal wounds {unknown}
 A - a potion of ambrosia {unknown}
Comestibles
 c - 21 rations


   Skills:
 + Level 1.5 Fighting
   Level 1.2 Short Blades
 - Level 4.0 Maces & Flails
 + Level 2.6 Dodging
 - Level 2.6 Stealth
 + Level 3.5 Shields
 + Level 5.8 Spellcasting
 * Level 8.7 Conjurations
 * Level 9.2 Fire Magic


You had 2 spell levels left.
You knew the following spells:

 Your Spells              Type           Power        Failure   Level  Hunger
a - Flame Tongue          Conj/Fire      #####        1%          1    None
b - Conjure Flame         Conj/Fire      ######..     1%          3    None
c - Sticky Flame          Conj/Fire      ######..     2%          4    ###....
d - Fireball              Conj/Fire      ######....   6%          5    #####..
f - Airstrike             Air            #.........   58%         4    ###....
z - Apportation           Tloc           #.....       30%         1    None

Your spell library contained the following spells:

 Spells                   Type           Power        Failure   Level  Hunger
 Throw Flame              Conj/Fire      ######       1%          2    None
 Animate Skeleton         Necr           N/A          30%         1    None
 Confusing Touch          Hex            #.....       30%         1    None
 Pain                     Necr           #...         30%         1    None
 Summon Small Mammal      Summ           #...         30%         1    None
 Inner Flame              Hex/Fire       ####....     4%          3    None
 Regeneration             Chrm/Necr      #.........   67%         3    None
 Vampiric Draining        Necr           #.........   67%         3    None
 Animate Dead             Necr           N/A          97%         4    ###....


Dungeon Overview and Level Annotations

Branches:
Dungeon (9/15)             Temple (0/1) D:5
   Lair: D:8-11         Orc: D:9-12

Altars:
Cheibriados
Elyvilon
Fedhas
Hepliaklqana
Kikubaaqudgha
Makhleb
Ru
Vehumet
Xom
Yredelemnul


Innate Abilities, Weirdness & Mutations

You cannot wear most types of armour.
You are very stealthy in the water. (Stealth+)
You are amphibious.
You can wear up to eight rings at the same time.
You can use your tentacles to constrict eight enemies at once.
Your skin changes colour to match your surroundings (Stealth+).
Your rubbery body absorbs attacks. (AC +1, EV +1)


Message History

You now have 14/18 mp.
Casting: Flame Tongue (safe; 1% risk of failure)
Confirm with . or Enter, or press ? or * to list all spells.
Aiming: Flame Tongue (safe; 1% risk of failure)
Press: ? - help, Shift-Dir - straight line, f/p - orc
Aim: an orc, wielding a falchion and wearing a ring mail (moderately wounded)
The flame tongue misses the orc.
The flame tongue hits the orc.
You kill the orc!
Vehumet accepts your kill.
You feel your power returning.
The orc wizard casts a spell.
The orc wizard flickers and vanishes!
Deactivating autopickup; reactivate with Ctrl-A.
The orc hits you but does no damage.
A troll comes into view.
The orc hits you with a falchion!
You take 7 damage, and have 50/59 hp.
Casting: Flame Tongue (safe; 1% risk of failure)
Confirm with . or Enter, or press ? or * to list all spells.
Aiming: Flame Tongue (safe; 1% risk of failure)
Press: ? - help, Shift-Dir - straight line, f/p - orc
Aim: an orc, wielding a falchion and wearing a ring mail (moderately wounded)
The flame tongue hits the orc.
The orc is heavily wounded.
The orc hits you with a hand axe!
You take 7 damage, and have 43/59 hp.
Casting: Flame Tongue (safe; 1% risk of failure)
Confirm with . or Enter, or press ? or * to list all spells.
Aiming: Flame Tongue (safe; 1% risk of failure)
Press: ? - help, Shift-Dir - straight line, f/p - orc
Aim: an orc, wielding a falchion and wearing a ring mail (heavily wounded)
The flame tongue hits the orc.
You kill the orc!
Vehumet accepts your kill.
You feel your power returning.
Unknown command.
Something hits you.
You see here a hound corpse.
You take 3 damage, and have 40/59 hp.
Something hits you.
You hear some strange, mumbled words.
A puff of flame appears from out of thin air!
The puff of flame hits you!
You take 8 damage, and have 32/59 hp.
You hear some strange, mumbled words.
A puff of frost appears from out of thin air!
The puff of frost hits you! You resist.
* * * LOW HITPOINT WARNING * * *
You take 5 damage, and have 27/59 hp.
A puff of frost appears from out of thin air!
The puff of frost hits you! You resist.
* * * LOW HITPOINT WARNING * * *
You take 4 damage, and have 23/59 hp.
A magic dart appears from out of thin air!
The magic dart hits you!
* * * LOW HITPOINT WARNING * * *
You take 5 damage, and have 18/59 hp.
Found an escape hatch in the ceiling.
Casting: Flame Tongue (safe; 1% risk of failure)
Confirm with . or Enter, or press ? or * to list all spells.
Aiming: Sticky Flame (safe; 2% risk of failure)
Press: ? - help, Shift-Dir - straight line The sticky flame hits something.
The orc wizard is covered in liquid flames!
The orc wizard burns!
The orc wizard hits you but does no damage.
You now have 12/18 mp.
Casting: Sticky Flame (safe; 2% risk of failure)
Confirm with . or Enter, or press ? or * to list all spells.
Aiming: Flame Tongue (safe; 1% risk of failure)
Press: ? - help, Shift-Dir - straight line, f - orc wizard
Aim: an orc wizard, wielding a dagger and wearing a robe (heavily wounded, The flame tongue hits the orc wizard.
The orc wizard is heavily wounded.
The orc wizard burns!
The orc wizard hits you with a dagger.
* * * LOW HITPOINT WARNING * * *
The orc wizard closely misses you.
You take 6 damage, and have 13/59 hp.
You now have 11/18 mp.
Casting: Flame Tongue (safe; 1% risk of failure)
Confirm with . or Enter, or press ? or * to list all spells.
Aiming: Flame Tongue (safe; 1% risk of failure)
Press: ? - help, Shift-Dir - straight line, f/p - orc wizard
Aim: an orc wizard, wielding a dagger and wearing a robe (severely wounded, The flame tongue hits the orc wizard.
The orc wizard is almost dead.
The orc wizard burns!
You block the orc wizard's attack.
You now have 10/18 mp.
The orc wizard burns!
You kill the orc wizard!
Vehumet accepts your kill.
You feel your power returning.
Reactivating autopickup.
You regained 2 mp, and now have 12/18 mp.
There is a stone staircase leading up here.
An orc wizard comes into view. It is wielding a dagger.
An orc wizard comes into view. It is wielding a dagger.
There is an escape hatch in the ceiling here.
Really go through this one-way escape hatch?
The troll bites you!!
You die...

.......................<........
...................#####........
...........).......# #.......#
≈≈≈≈≈≈≈.###........# #.......#
≈≈≈≈≈≈≈...#........# #.......#
#####≈≈...#........# #o......#
#≈≈...#........# #.......#
#≈≈oT.#........###+#..######
#≈≈...#....@T.o.......#
#≈≈...+...............#
#≈≈.$.#...............#
#####≈≈†..#.......####+#..#
≈≈≈≈≈≈≈)###.......# #..#
≈≈≈≈≈≈≈.).......... #..#
.......†....(..###+# #o.#
...#...#.....## o.. ...#..<
....##


You could see a troll and an orc.

Vanquished Creatures
  A hydra (D:8)
  Grinder (D:5)
  A wyvern (D:8)
  A water moccasin (D:8)
  Edmund (D:4)
  4 ice beasts
  A phantom (D:4)
  5 ogres
  3 centaurs
  2 big kobolds (D:8)
  Blork the orc (D:5)
  5 bullfrogs
  A gnoll sergeant (D:8)
  3 water moccasin zombies (Ossuary)
  A wyvern skeleton (D:8)
  2 scorpions (D:4)
  6 killer bees (D:7)
  A howler monkey (D:4)
  A centaur zombie (D:7)
  2 crimson imps
  A bullfrog zombie (D:5)
  3 hounds
  2 orc priests
  7 orc wizards
  2 iguanas
  5 worker ants
  5 big kobold zombies (Ossuary)
  3 mummies
  9 gnolls
  13 adders
  2 shadow imps
  An ooze (D:2)
  An adder skeleton (D:8)
  4 adder zombies (Ossuary)
  3 worms
  4 dart slugs
  4 leopard geckos
  32 orcs
  5 giant cockroaches
  6 goblins
  14 hobgoblins
  6 jackals
  4 quokkas
  5 ball pythons
  8 bats
  5 frilled lizards
  5 gnoll zombies (Ossuary)
  3 hobgoblin zombies (Ossuary)
  A jackal skeleton (D:3)
  10 kobolds
  5 kobold zombies (Ossuary)
  3 orc zombies (Ossuary)
  9 rats
  A plant (D:4)
234 creatures vanquished.

Vanquished Creatures (others)
  A hobgoblin zombie (Ossuary)
  4 plants
5 creatures vanquished.

Grand Total: 239 creatures vanquished

Notes
Turn   | Place    | Note
-------+----------+-------------------------------------------
     0 | D:1      | Monsterracer the Octopode Fire Elementalist began the quest
                  | for the Orb.
     0 | D:1      | Reached XP level 1. HP: 11/11 MP: 3/3
   174 | D:1      | Reached XP level 2. HP: 12/17 MP: 0/5
   714 | D:1      | Reached XP level 3. HP: 21/21 MP: 3/6
   719 | D:1      | Learned a level 3 spell: Conjure Flame
  1424 | D:2      | Reached XP level 4. HP: 26/27 MP: 2/7
  1736 | D:1      | HP: 9/27 [gnoll/whip (7)]
  1739 | D:1      | Reached skill level 4 in Fire Magic
  1982 | D:2      | HP: 8/27 [gnoll/spear (12)]
  1984 | D:2      | Reached XP level 5. HP: 9/31 MP: 1/8
  2159 | D:2      | Learned a level 4 spell: Sticky Flame
  3039 | D:3      | HP: 9/31 [worm (9)]
  3344 | D:3      | Found a snail-covered altar of Cheibriados.
  4171 | D:4      | HP: 15/31 [orc/mace (6)]
  4228 | D:4      | HP: 15/31 [orc/club (5)]
  4233 | D:4      | HP: 11/31 [orc (4)]
  4238 | D:4      | HP: 8/31 [orc (2)]
  4321 | D:4      | Found a sacrificial altar of Ru.
  4334 | D:4      | Found an ancient bone altar of Kikubaaqudgha.
  4352 | D:4      | HP: 15/31 [howler monkey (5)]
  4353 | D:4      | Reached XP level 6. HP: 17/36 MP: 6/10
  4372 | D:4      | Found a radiant altar of Vehumet.
  4373 | D:4      | Found a burning altar of Makhleb.
  4377 | D:4      | HP: 17/36 [crimson imp (3)]
  4385 | D:4      | Became a worshipper of Vehumet
  4424 | D:4      | Found a sand-covered staircase.
  4467 | Ossuary  | Entered an ossuary
  4739 | Ossuary  | Reached skill level 5 in Fire Magic
  5052 | Ossuary  | Reached XP level 7. HP: 39/41 MP: 7/12
  5118 | Ossuary  | HP: 17/41 [water moccasin zombie (6)]
  5121 | Ossuary  | HP: 7/41 [water moccasin zombie (5)]
  5122 | Ossuary  | Reached * piety under Vehumet
  5122 | Ossuary  | Offered knowledge of Sandblast by Vehumet.
  5127 | Ossuary  | HP: 6/41 [poison (a needle trap)]
  5741 | D:4      | Reached skill level 5 in Conjurations
  5748 | D:4      | Learned a level 5 spell: Fireball
  5934 | D:4      | Noticed Edmund
  5946 | D:4      | Killed Edmund
  5946 | D:4      | Reached skill level 1 in Short Blades
  5946 | D:4      | Reached skill level 6 in Fire Magic
  6210 | D:4      | HP: 20/41 [ogre/giant club (21)]
  6213 | D:4      | Reached XP level 8. HP: 23/46 MP: 8/14
  6218 | D:4      | Reached skill level 1 in Maces & Flails
  6219 | D:4      | HP: 23/46 [giant cockroach (1)]
  6634 | D:4      | HP: 23/46 [cloud of steam (6)]
  6879 | D:5      | Entered Level 5 of the Dungeon
  6879 | D:5      | Noticed Grinder
  6893 | D:5      | HP: 20/46 [scorpion (9)]
  6896 | D:4      | HP: 8/46 [scorpion (10)]
  6903 | D:4      | HP: 7/46 [poisoned by a scorpion]
  6911 | D:4      | HP: 6/46 [poisoned by a scorpion]
  7076 | D:5      | HP: 23/46 [Grinder (1)]
  7079 | D:5      | Killed Grinder
  7079 | D:5      | Offered knowledge of Sting by Vehumet.
  7079 | D:5      | Reached skill level 7 in Fire Magic
  7198 | D:5      | Reached ** piety under Vehumet
  7456 | D:5      | Found a staircase to the Ecumenical Temple.
  7592 | D:5      | Found a basalt altar of Yredelemnul.
  7852 | D:5      | Found a white marble altar of Elyvilon.
  7898 | D:5      | Noticed Blork the orc
  7901 | D:5      | Killed Blork the orc
  7901 | D:5      | Reached XP level 9. HP: 51/51 MP: 10/16
  7907 | D:5      | Learned a level 1 spell: Apportation
  8067 | D:6      | HP: 25/51 [centaur (5)]
  8069 | D:6      | Reached skill level 1 in Shields
  8285 | D:6      | Found a hazy altar of Hepliaklqana.
  8362 | D:6      | HP: 21/51 [centaur/arrow (13)]
  8369 | D:6      | HP: 19/51 [centaur (3)]
  8958 | D:6      | Reached skill level 5 in Spellcasting
  9247 | D:7      | HP: 19/51 [orc priest/divine providence (16)]
  9256 | D:7      | Reached skill level 8 in Fire Magic
  9536 | D:7      | Found a shimmering altar of Xom.
 10825 | D:8      | HP: 21/51 [bullfrog (9)]
 11026 | D:8      | Noticed a five-headed hydra
 11373 | D:8      | Reached XP level 10. HP: 45/56 MP: 11/18
 11447 | D:8      | Found a blossoming altar of Fedhas.
 11452 | D:8      | Offered knowledge of Static Discharge by Vehumet.
 11492 | D:8      | HP: 26/56 [something/magic dart (5)]
 11493 | D:8      | Reached *** piety under Vehumet
 11671 | D:8      | HP: 18/56 [centaur/arrow (15)]
 11676 | D:8      | HP: 13/56 [centaur/arrow (6)]
 11678 | D:8      | HP: 5/56 [centaur/enchanted shortbow (8)]
 11681 | D:8      | Got an uncursed crystal mace {freeze}
 11683 | D:8      | Identified the +5 mace "Jischitu" {freeze, rElec Str+5
                  | Stlth+} (You took it off a centaur on level 8 of the
                  | Dungeon)
 12030 | D:8      | Reached skill level 9 in Fire Magic
 12261 | D:8      | Killed a five-headed hydra
 12261 | D:8      | Reached skill level 1 in Fighting
 12492 | D:9      | Identified a scroll of acquirement
 12525 | D:9      | Offered knowledge of Airstrike by Vehumet.
 12532 | D:9      | Learned a level 4 spell: Airstrike
 12547 | D:9      | HP: 27/59 [something/puff of frost (5)]
 12557 | D:9      | HP: 13/59 [orc wizard/dagger (6)]
 12586 | D:9      | Slain by a troll

Skill      XL: |  1  2  3  4  5  6  7  8  9 10 |
---------------+-------------------------------+-----
Conjurations   | 2 3 4 5 6 8 |  8.7
Fire Magic     | 4 5 6 7 8 9 |  9.2
Spellcasting   | 3 4 5 |  5.8
Short Blades   | 1 |  1.2
Maces & Flails | 2 3 4 |  4.0
Shields        | 2 3 |  3.5
Fighting       | 1 |  1.5
Dodging        | |  2.6
Stealth        | |  2.6

Action                   |  1- 3 |  4- 6 |  7- 9 | 10-12 || total
-------------------------+-------+-------+-------+-------++-------
Melee: Unarmed           |     3 |       |       |       ||     3
       Constrict         |     1 |    14 |    16 |     4 ||    35
       Dagger            |     2 |     8 |       |       ||    10
       Short sword       |       |    47 |    24 |       ||    71
       Tentacles         |       |     9 |    10 |     2 ||    21
       Flail             |       |       |    31 |    18 ||    49
       Mace              |       |       |       |     3 ||     3
 Cast: Flame Tongue      |    63 |   129 |   235 |    68 ||   495
       Conjure Flame     |       |     2 |     8 |       ||    10
       Sticky Flame      |       |       |    18 |     5 ||    23
       Fireball          |       |       |       |     3 ||     3
  Use: Scroll            |       |     6 |    10 |     1 ||    17
 Stab: Distracted        |     1 |       |       |       ||     1
       Sleeping          |       |     2 |     5 |       ||     7
  Eat: Chunk             |     2 |    10 |    17 |     5 ||    34
       Ration            |       |       |     2 |       ||     2
Armor: Skin              |     4 |     8 |     9 |     5 ||    26
Dodge: Dodged            |    21 |    47 |    87 |    27 ||   182
Block: Buckler           |       |       |    11 |     9 ||    20
       Shield            |       |       |       |     4 ||     4

Vault maps used:
D:1:      lightli_arrival_noodles
D:3:      lemuel_crystal_altar
D:4:      minmay_diamond_boxcup, grunt_temple_overflow_lords_of_destruction,
          nicolae_ru_awakened_eye, old_standard_altar,
          gup_ossuary_entry_pyramid, serial_bayou, serial_bayou_shore_a,
          serial_bayou_pond_c, serial_bayou_shore_b, serial_bayou_lagoon_a,
          grunt_ministairs_3, uniq_edmund
D:5:      kennysheep_ying_yang, minmay_temple_entry_overgrown, first_ration,
          uniq_blork_the_orc, uniq_grinder
D:6:      overflow_temple_1_default, kennysheep_generic_room_5
D:7:      tgw_xom
D:8:      lemuel_round_altar, serial_glass, glass_columns_c, glass_columns_a,
          due_unseen_surprise, feat_on_display, blue_anna_alchemist
D:9:      gammafunk_temple_overflow_pools, erik_orc_2, serial_column_ruins,
          column_ruins_hut, column_ruins_hut, column_ruins_grid_4,
          column_ruins_open_medium, column_ruins_open_small,
          column_ruins_corridor_corner, column_ruins_columns_dead_end,
          grunt_decor_one_mirror, hive_lemuel
Ossuary:  ossuary_tomb_2
